 Dungeon Crawl Stone Soup version 0.31-a0-920-g28cbb04a8c (webtiles) character file.

Game seed: 9885913042246972372

1551 D12ThenQuit the Cutter (level 8, 0/54 HPs)
             Began as an Octopode Fighter on Oct 17, 2023.
             Was a Follower of Vehumet.
             Slain by a sky beast (6 damage)
             ... on level 7 of the Dungeon.
             The game lasted 00:17:51 (4869 turns).

D12ThenQuit the Cutter (Octopode Fighter)           Turns: 4869, Time: 00:17:52

Health: 0/54       AC:  1    Str: 15    XL:     8   Next: 88%
Magic:  8/12       EV: 13    Int: 12    God:    Vehumet [*.....]
Gold:   423        SH:  4    Dex: 12    Spells: 9/13 levels left

rFire   . . .        a - +1 rapier
rCold   . . .        b - +0 buckler
rNeg    . . .        (helmet restricted)
rPois   .            (no amulet)
rElec   .            (no ring)
rCorr   .            (no ring)
SInv    .            (no ring)
Will    .....        (no ring)
Stlth   ++++         (no ring)
HPRegen 0.29/turn    (no ring)
MPRegen 0.13/turn    (no ring)
                     (no ring)

%: no passive effects
@: no status effects
A: almost no armour, amphibious, 8 rings, camouflage 1, gelatinous body 1,
(nimble swimmer 1), tentacles
a: Renounce Religion


You were on level 7 of the Dungeon.
You worshipped Vehumet.
Vehumet was aware of your devotion.
You visited 1 branch of the dungeon, and saw 7 of its levels.

You collected 423 gold pieces.

Inventory:

Hand Weapons
 a - a +1 rapier (weapon)
 o - a +0 antimagic dagger
 t - a +0 sling
 v - a +2 dagger of speed
Missiles
 s - 3 poisoned darts
Armour
 b - a +0 buckler (worn)
Magical Staves
 w - a staff of cold
Wands
 i - a wand of iceblast (11)
 n - a wand of digging (2)
 r - a wand of flame (11)
Scrolls
 c - 3 scrolls of enchant weapon
 f - 3 scrolls of revelation
 k - a scroll of immolation
 l - 4 scrolls of noise
 m - a scroll of fear
 p - 2 scrolls of poison
 q - 2 scrolls of teleportation {unknown}
 u - a scroll of vulnerability {unknown}
 x - a scroll of enchant armour {unknown}
Potions
 d - a potion of magic
 e - 2 potions of attraction {unknown}
 g - a potion of degeneration {unknown}
 j - a potion of haste {unknown}
 z - 2 potions of brilliance {unknown}
 A - a potion of heal wounds {unknown}


   Skills:
 - Level 4.5 Fighting
 - Level 6.1 Short Blades
 - Level 3.0 Dodging
 - Level 5.0 Stealth
 - Level 3.0 Shields
 - Level 3.0 Spellcasting
 - Level 5.0 Conjurations
 + Level 3.8 Ice Magic


You had 9 spell levels left.
You knew the following spells:

 Your Spells              Type           Power      Damage    Failure   Level
a - Magic Dart            Conj           52%        1d5       4%          1
b - Ozocubu's Armour      Ice            11%        N/A       21%         3

Your spell library contained the following spells:

 Spells                   Type           Power      Damage    Failure   Level
 Ensorcelled Hibernation  Hex/Ice        12%        N/A       22%         2
 Apportation              Tloc           2%         N/A       32%         1
 Cigotuvi's Dreadful Rot  Necr/Pois/Air  2%         N/A       43%         2
 Jinxbite                 Hex            2%         N/A       43%         2
 Ignite Poison            Fire/Tmut/Pois 1%         N/A       67%         3
 Freezing Cloud           Conj/Ice/Air   4%         6-21      95%         5
 Anguish                  Hex/Necr       0%         N/A       97%         4
 Alistair's Intoxication  Tmut/Pois      0%         N/A       100%        5
 Ozocubu's Refrigeration  Ice            5%         4d8       100%        7


Dungeon Overview and Level Annotations

Branches:
Dungeon (7/15)             Temple (0/1) D:5

Altars:
Makhleb
Vehumet

Portals:
Bailey: D:7

Annotations:
D:3 1 runed translucent door, Crazy Yiuf
D:5 exclusions: ice beast, orc, orc priest and orc wizard, Edmund
D:6 Grinder


Innate Abilities, Weirdness & Mutations

You cannot wear most types of armour.
You are amphibious.
You can wear up to eight rings at the same time.
Your skin changes colour to match your surroundings (Stealth+).
Your rubbery body absorbs attacks. (AC +1, EV +1)
((You are camouflaged when in or above water. (Stealth+)))
You have tentacles for arms and can constrict up to eight enemies at once.


Message History

Unknown command.
Casting: Magic Dart (safe; 4% risk of failure)
Confirm with . or Enter, or press ? or * to list all spells.
Aiming: Magic Dart (safe; 4% risk of failure)
Press: ? - help, Shift-Dir - straight line, f/p - goblin
Aim: a goblin, wielding a +0 spear (100% to hit)
The magic dart hits the sky beast but does no damage.
The sky beast is almost dead.
The sky beast barely misses you.
The goblin hits you from afar with a +0 spear.
Casting: Magic Dart (safe; 4% risk of failure)
Confirm with . or Enter, or press ? or * to list all spells.
Aiming: Magic Dart (safe; 4% risk of failure)
Press: ? - help, Shift-Dir - straight line, f/p - goblin
Aim: a goblin, wielding a +0 spear (100% to hit)
The magic dart hits the sky beast.
The sky beast is almost dead.
The sky beast flickers out of sight!
Deactivating autopickup; reactivate with Ctrl-A.
You block something's attack.
The goblin hits you from afar with a +0 spear.
Casting: Magic Dart (safe; 4% risk of failure)
Confirm with . or Enter, or press ? or * to list all spells.
Aiming: Magic Dart (safe; 4% risk of failure)
Press: ? - help, Shift-Dir - straight line, f/p - goblin
Aim: a goblin, wielding a +0 spear (100% to hit)
The magic dart hits something but does no damage.
Something hits you.
* * * LOW HITPOINT WARNING * * *
Something shocks you.
* * * LOW HITPOINT WARNING * * *
The goblin closely misses you.
Okay, then.
Okay, then.
Okay, then.
As you read the scroll of summoning, it crumbles to dust.
Wisps of shadow whirl around you... Something hits you.
* * * LOW HITPOINT WARNING * * *
Something shocks you.
You die...

+# # .#.#
.#.##.
#......
..≈≈≈≈≈ #
gg≈.>.≈
#.###g.~.∩.≈
#.J.{#
#.##@#
#.##.#
#...J#
#...<#
....#####
#.. #. .


You could see 3 goblins and 2 friendly jellies.

Vanquished Creatures
  Eustachio (D:6)
  Menkaure (D:6)
  An ice beast (D:5)
  2 sky beasts
  2 ogres (D:6)
  2 centaurs (D:6)
  A bullfrog (D:6)
  3 scorpions
  A crimson imp (D:6)
  A hound (D:6)
  2 jellies
  An iguana (D:4)
  A sleepcap (D:6)
  2 orc wizards (D:5)
  7 adders
  A worm (D:5)
  A dart slug (D:5)
  10 orcs
  4 ball pythons
  8 endoplasms
  5 giant cockroaches
  8 goblins
  4 hobgoblins
  7 quokkas
  3 bats (D:1)
  3 frilled lizards
  5 kobolds
  6 rats
93 creatures vanquished.

Vanquished Creatures (collateral kills)
  An ice beast (D:5)
1 creature vanquished.

Grand Total: 94 creatures vanquished

Notes
Turn   | Place    | Note
-------+----------+-------------------------------------------
     0 | D:1      | D12ThenQuit the Octopode Fighter began the quest for the
                  | Orb.
     0 | D:1      | Reached XP level 1. HP: 16/16 MP: 1/1
    58 | D:1      | Reached skill level 1 in Stealth
    65 | D:1      | Reached XP level 2. HP: 21/21 MP: 2/2
   395 | D:1      | Reached XP level 3. HP: 26/26 MP: 3/3
  1134 | D:2      | Reached skill level 3 in Short Blades
  1315 | D:2      | Found a radiant altar of Vehumet.
  1349 | D:2      | Became a worshipper of Vehumet
  1377 | D:2      | Reached XP level 4. HP: 30/31 MP: 4/4
  1773 | D:3      | You fall into a shaft and drop 2 floors!
  1773 | D:5      | Entered Level 5 of the Dungeon
  1891 | D:5      | Noticed an ice beast
  1944 | D:5      | Noticed an ice beast
  1976 | D:5      | Killed an ice beast
  1977 | D:5      | Reached skill level 4 in Short Blades
  1977 | D:5      | Reached XP level 5. HP: 36/36 MP: 5/5
  1985 | D:5      | Killed an ice beast
  1986 | D:5      | Reached skill level 5 in Stealth
  1986 | D:5      | Reached XP level 6. HP: 42/42 MP: 6/6
  2032 | D:5      | Found a staircase to the Ecumenical Temple.
  2048 | D:5      | Noticed Edmund
  2075 | D:5      | Reached skill level 5 in Short Blades
  2644 | D:3      | Found a runed translucent door.
  2645 | D:3      | Noticed Crazy Yiuf
  3483 | D:5      | Reached skill level 6 in Short Blades
  3486 | D:5      | Reached * piety under Vehumet
  3486 | D:5      | Offered knowledge of Magic Dart by Vehumet.
  3492 | D:5      | Learned a level 1 spell: Magic Dart
  3579 | D:6      | Reached skill level 1 in Conjurations
  3579 | D:6      | Reached XP level 7. HP: 46/46 MP: 6/8
  3602 | D:6      | Noticed Menkaure
  3612 | D:6      | Reached skill level 1 in Spellcasting
  3616 | D:6      | Killed Menkaure
  3887 | D:6      | Noticed Grinder
  3989 | D:5      | Reached XP level 8. HP: 36/52 MP: 11/11
  4299 | D:6      | Reached skill level 5 in Conjurations
  4482 | D:6      | Learned a level 3 spell: Ozocubu's Armour
  4614 | D:6      | Found a burning altar of Makhleb.
  4615 | D:6      | Found a radiant altar of Vehumet.
  4619 | D:6      | Reached skill level 1 in Ice Magic
  4632 | D:6      | Noticed Eustachio
  4640 | D:6      | Killed Eustachio
  4773 | D:7      | Noticed a wyvern
  4854 | D:7      | Found a flagged portal.
  4869 | D:7      | Slain by a sky beast

Illustrated notes

Levels and vault maps discovered:
D:1:      tarquinn_simple_flora_water_a, layout_basic
D:2:      layout_basic, basic_altar
D:3:      layout_loops_ring, uniq_crazy_yiuf_cottage
D:4:      layout_rooms
D:5:      layout_loops_ring, temple_pool_b, uniq_edmund
D:6:      layout_gridville, grunt_temple_overflow_lords_of_destruction,
          uniq_grinder, uniq_menkaure, uniq_eustachio
D:7:      layout_basic, old_standard_altar, enter_bailey_5, serial_shops,
          nicolae_square_shop

Skill      XL: |  1  2  3  4  5  6  7  8 |
---------------+-------------------------+-----
Stealth        | 1 2 3 4 5 |  5.0
Short Blades   | 3 4 6 |  6.1
Conjurations   | 1 4 5 |  5.0
Spellcasting   | 2 3 |  3.0
Fighting       | 4 |  4.5
Ice Magic      | 3 |  3.8
Dodging        | |  3.0
Shields        | |  3.0

Action                     |  1- 3 |  4- 6 |  7- 9 || total
---------------------------+-------+-------+-------++-------
  Melee: Rapier            |    54 |    80 |    73 ||   207
         Constrict         |    15 |    20 |     5 ||    40
         Tentacles         |     9 |    17 |    11 ||    37
         Punch             |     1 |       |       ||     1
   Fire: Sling             |       |     4 |       ||     4
  Throw: Dart              |       |     3 |       ||     3
   Cast: Magic Dart        |       |       |    15 ||    15
         Ozocubu's Armour  |       |       |     1 ||     1
  Evoke: Wand              |       |     1 |     3 ||     4
    Use: Scroll            |       |    10 |     1 ||    11
         Potion            |       |     1 |     2 ||     3
   Stab: Sleeping          |    14 |    11 |     5 ||    30
 Armour: Skin              |     7 |    12 |    56 ||    75
  Dodge: Dodged            |    20 |    30 |    42 ||    92
  Block: Buckler           |     7 |    12 |    15 ||    34

Table legend: (Time is in decaauts)
 A = Elapsed time spent in this place.
 B = Non-inter-level travel time spent in this place.
 C = Inter-level travel time spent in this place.
 D = Time resting spent in this place.
 E = Time spent auto-exploring this place.
 F = Levels seen in this place.
 G = Mean time per level.
                   A        B        C        D        E       F      G
               +--------+--------+--------+--------+--------+-----+--------+
         Total |   4874 |   4526 |    348 |    432 |   2010 |   7 |  696.3 |
       Dungeon |   4874 |   4526 |    348 |    432 |   2010 |   7 |  696.3 |
               +--------+--------+--------+--------+--------+-----+--------+

Top non-repeatable levels by time:
     D:1: 964 daAuts
     D:5: 957 daAuts
     D:6: 843 daAuts
     D:3: 813 daAuts
     D:2: 808 daAuts
     D:4: 385 daAuts
     D:7: 102 daAuts
